AoeStats
← A_TANGY_HAN

Four Lakes

503246674Analyzed
2v2 RM · 1mo ago on Aug 30, 2026· 17m 14s· 4 players
Game mode
Random Map
Map size
Medium (4 player)
Population
200
Speed
Normal
Resources
Standard
Victory
Conquest
Starting age
Dark Age
Ending age
Imperial Age
RankedLock teamsTeams togetherTeam positionsShared explorationLock speedFull tech treeHidden civsTurbo modeCheats
Victory
Defeat
1038
+16
🇹🇷 Persians · Türkiye
1020
+17
🇺🇸 Teutons · United States
1115
-20
🇺🇸 Italians · United States
949
-12
Torfhildur Þorsteinsdóttir
9:15 Loom
11:27 Feudal Age
12:30 Double-Bit Axe
13:32 Horse Collar
15:55 Town Watch
18:13 Castle Age
16:30 Gold Mining
17:06 Fletching
remoba66_
0:37 Loom
11:23 Feudal Age
13:44 Horse Collar
13:55 Double-Bit Axe
16:49 Castle Age
Jarl Ulfric
4:34 Loom
5:49 Loom
9:15 Feudal Age
12:09 Double-Bit Axe
13:34 Wheelbarrow
13:11 Horse Collar
15:19 Wheelbarrow
A_TANGY_HAN
1:10 Loom
10:32 Feudal Age
15:25 Gold Mining
Connection lost

Rejoining the realm…

Still unreachable

The connection could not be restored.

Session expired

The server has moved on; the page needs a fresh start.